 Dungeon Crawl Stone Soup version 0.21-a0-437-ge5bf024 (webtiles) character file.

8870 kae the Cleaver (level 11, -3/99 HPs)
             Began as a Hill Orc Fighter on Nov 9, 2017.
             Was a Follower of Qazlal.
             Slain by a five-headed hydra (8 damage)
             ... on level 1 of the Lair of Beasts.
             The game lasted 00:11:12 (11641 turns).

kae the Cleaver (Hill Orc Fighter)                 Turns: 11641, Time: 00:11:13

Health: -3/99      AC: 10    Str: 23    XL:     11   Next: 37%
Magic:  0/16       EV: 12    Int:  8    God:    Qazlal [*.....]
Gold:   606        SH:  2    Dex: 10    Spells: 10/10 levels left

rFire    . . .     SeeInvis .   b - +1 war axe (venom)
rCold    . . .     Gourm    .   (no shield)
rNeg     + . .     Faith    .   B - +0 scale mail
rPois    .         Spirit   +   x - +1 helmet
rElec    .         Reflect  .   v - scarf {Spirit}
rCorr    .         Harm     .   (no gloves)
MR       .....                  (no boots)
Stlth    +.........             (no amulet)
HPRegen  0.26/turn              g - ring of positive energy
MPRegen  0.15/turn              F - ring of stealth

@: no status effects
A: no striking features
a: Renounce Religion


You were on level 1 of the Lair of Beasts.
You worshipped Qazlal.
Qazlal was aware of your devotion.
You were not hungry.

You visited 3 branches of the dungeon, and saw 11 of its levels.
You also visited: Sewer.

You collected 725 gold pieces.
You spent 119 gold pieces at shops.

Inventory:

Hand Weapons
 a - a +0 battleaxe
 b - a +1 war axe of venom (weapon)
 m - a +0 hand axe
 y - a -3 hand axe
Armour
 c - a +0 shield
 v - a scarf of spirit shield (worn)
 x - a +1 helmet (worn)
 B - a +0 scale mail (worn)
Jewellery
 g - a ring of positive energy (left hand)
 F - a ring of stealth (right hand)
Wands
 A - a wand of lightning (0/15)
 I - a wand of random effects (15/48)
Scrolls
 h - 2 scrolls of fear
 l - 4 scrolls of fog
 n - 2 scrolls of blinking
 q - 5 scrolls of identify
 s - 2 scrolls of magic mapping
 t - 2 scrolls of teleportation
 w - 2 scrolls of brand weapon
 E - 2 scrolls of remove curse
 G - a scroll of enchant weapon
 H - a scroll of silence {unknown}
Potions
 d - 2 potions of lignification
 j - 4 potions of flight
 p - 2 potions of curing
 r - 2 potions of agility
 u - a potion of brilliance
 z - a potion of might
 C - a potion of heal wounds
 J - a potion of ambrosia {unknown}
Books
 e - a book of Frost

   Spells                             Type                      Level
   a - Freeze                         Ice                          1
   b - Throw Frost                    Conjuration/Ice              2
   c - Ozocubu's Armour               Charms/Ice                   3
   d - Throw Icicle                   Conjuration/Ice              4
   e - Summon Ice Beast               Ice/Summoning                4
 D - a book of Maledictions

   Spells                             Type                      Level
   a - Corona                         Hexes                        1
   b - Ensorcelled Hibernation        Hexes/Ice                    2
   c - Confuse                        Hexes                        3
   d - Tukima's Dance                 Hexes                        3
   e - Dazzling Spray                 Conjuration/Hexes            3
Comestibles
 f - 5 bread rations
 i - 4 royal jellies
 k - 4 meat rations
 o - 8 fruits
 K - a chunk of flesh


   Skills:
 + Level 9.7 Fighting
 * Level 13.5 Axes
 + Level 8.9 Armour
 + Level 6.0 Dodging
 - Level 3.2 Shields
 + Level 6.6 Invocations


You had 10 spell levels left.
You didn't know any spells.

Dungeon Overview and Level Annotations

Branches:
Dungeon (9/15)             Temple (1/1) D:6            Lair (1/6) D:9
    Orc: D:9-12

Altars:
Ashenzari
Cheibriados
Dithmenos
Elyvilon
Fedhas
Gozag
Hepliaklqana
Kikubaaqudgha
Makhleb
Nemelex Xobeh
Okawaru
Qazlal
Ru
Sif Muna
Trog
Uskayaw
Vehumet
Wu Jian
Xom
Yredelemnul
Zin
The Shining One

Shops:
D:4 ?


Message History

You hit the bullfrog. The bullfrog hits you. Something bites you.
Something bites you! Something bites you. Something barely misses you.
You block the bullfrog's attack.
You slash something! You hit the bullfrog.
The bullfrog is poisoned.
The bullfrog hits you but does no damage.
Something bites you but does no damage. You block something's attack.
Something bites you! x2
* * * LOW HITPOINT WARNING * * *
Something bites you.
* * * LOW HITPOINT WARNING * * *
You hit something but do no damage. You miss the bullfrog.
The bullfrog is struck by lightning.
You kill the bullfrog!
Qazlal accepts your kill. Something bites you!
* * * LOW HITPOINT WARNING * * *
Something bites you.
* * * LOW HITPOINT WARNING * * *
You block something's attack. Something bites you!
You die...

######### ##### #
#######.#..##.####.#P###
........................
.[....{@................
.......ยง...#####..####..
######.....#............
..#....+.........#..
...+....#.........#..
....#..............#..
... #....#.........#..
.##. #....#.........PP.
########+P...


There were no monsters in sight!

Vanquished Creatures
  2 two-headed ogres (D:8)
  The ghost of Ijustatesigmund the Sneak, a novice OpAr (D:7)
  Pikel (D:9)
  The ghost of Autsider the Firebug, a novice GrFE (D:5)
  A hornet (D:8)
  Prince Ribbit (D:4)
  3 blink frogs (Lair:1)
  A wyvern (D:8)
  A basilisk (Lair:1)
  Grum (Lair:1)
  Menkaure (D:5)
  3 water moccasins (Lair:1)
  Purgy (Sewer)
  2 orc warriors (D:9)
  4 ice beasts
  3 sky beasts
  2 slaves (D:9)
  2 black bears
  2 ogres
  3 phantoms
  3 wolves (Lair:1)
  3 centaurs
  A big kobold (D:7)
  A gnoll sergeant (D:9)
  5 bullfrogs
  5 scorpions
  An electric eel (D:9)
  A howler monkey (D:8)
  7 crimson imps
  2 bullfrog zombies
  A quasit (D:9)
  6 hounds
  5 orc priests
  2 bullfrog skeletons (D:5)
  A centaur skeleton (D:4)
  5 iguanas
  10 orc wizards
  12 worker ants
  A hound skeleton (D:6)
  9 gnolls
  15 adders
  2 shadow imps
  An ooze (D:1)
  4 adder zombies
  An adder skeleton (D:7)
  A worm (D:3)
  2 dart slugs
  5 leopard geckos
  20 orcs
  2 ball pythons
  8 bats
  9 giant cockroaches
  3 hobgoblins
  9 jackals
  4 quokkas
  11 frilled lizards
  5 goblins
  9 kobolds
  3 leopard gecko skeletons
  A quokka zombie (D:6)
  8 rats
  A plant (D:9)
241 creatures vanquished.

Vanquished Creatures (others)
  A black bear (D:9)
  A slave (D:9)
  A bullfrog (D:9)
  A hound skeleton (D:9)
  An orc (D:9)
  6 fungi
11 creatures vanquished.

Grand Total: 252 creatures vanquished

Notes
Turn   | Place    | Note
-------+----------+-------------------------------------------
     0 | D:1      | kae the Hill Orc Fighter began the quest for the Orb.
     0 | D:1      | Reached XP level 1. HP: 19/19 MP: 1/1
    56 | D:1      | Reached skill level 3 in Axes
    56 | D:1      | Reached XP level 2. HP: 26/27 MP: 2/2
   422 | D:1      | Reached XP level 3. HP: 30/33 MP: 3/3
   602 | D:2      | Found a white marble altar of Elyvilon.
   608 | D:2      | Reached skill level 4 in Axes
   734 | D:2      | Found a deep blue altar of Sif Muna.
   754 | D:2      | Found a shattered altar of Ashenzari.
  1133 | D:2      | Reached XP level 4. HP: 37/40 MP: 4/4
  1388 | D:2      | Found a sacrificial altar of Ru.
  1966 | D:3      | Reached skill level 5 in Axes
  1966 | D:3      | Reached skill level 1 in Dodging
  1966 | D:3      | Reached XP level 5. HP: 42/47 MP: 5/5
  2009 | D:3      | Found a shimmering altar of Xom.
  2694 | D:4      | Reached XP level 6. HP: 21/55 MP: 6/6
  2722 | D:4      | Reached skill level 5 in Fighting
  2733 | D:4      | Reached skill level 6 in Axes
  3042 | D:4      | Found a glowing drain.
  3051 | Sewer    | Entered a sewer
  3098 | Sewer    | Noticed Purgy
  3105 | Sewer    | Killed Purgy
  3105 | Sewer    | Reached XP level 7. HP: 61/61 MP: 7/7
  3287 | D:4      | Found Uvuwecuh's Magic Scroll Boutique.
  3313 | D:4      | Bought a scroll of identify for 28 gold pieces
  3313 | D:4      | Bought a scroll of noise for 14 gold pieces
  3313 | D:4      | Bought a scroll of identify for 28 gold pieces
  3313 | D:4      | Bought a scroll of magic mapping for 49 gold pieces
  3364 | D:4      | Reached skill level 7 in Axes
  3365 | D:4      | Reached skill level 5 in Armour
  3885 | D:5      | Entered Level 5 of the Dungeon
  4047 | D:5      | Reached skill level 8 in Axes
  4047 | D:5      | Reached XP level 8. HP: 50/70 MP: 8/8
  4268 | D:5      | Found a sparkling altar of Nemelex Xobeh.
  4753 | D:5      | Found an iron altar of Okawaru.
  4792 | D:5      | Noticed Prince Ribbit
  4997 | D:6      | Reached skill level 9 in Axes
  5349 | D:5      | Noticed Menkaure
  5587 | D:6      | Found a staircase to the Ecumenical Temple.
  5598 | Temple   | Entered the Ecumenical Temple
  5647 | Temple   | Became a worshipper of Qazlal Stormbringer
  6075 | D:6      | Reached XP level 9. HP: 69/79 MP: 7/9
  6648 | D:5      | Killed Menkaure
  6648 | D:5      | Reached skill level 10 in Axes
  6744 | D:5      | Noticed Autsider's ghost (novice GrFE)
  7438 | D:7      | Found a glowing golden altar of the Shining One.
  7722 | D:7      | Reached skill level 1 in Invocations
  7774 | D:7      | Found a sparkling altar of Nemelex Xobeh.
  8007 | D:7      | Noticed Ijustatesigmund's ghost (novice OpAr)
  8024 | D:7      | Killed Ijustatesigmund's ghost
  8024 | D:7      | Reached skill level 11 in Axes
  8720 | D:4      | Killed Prince Ribbit
  8720 | D:4      | Reached XP level 10. HP: 50/88 MP: 8/12
  8899 | D:5      | Killed Autsider's ghost
  8975 | D:5      | Found an ornate altar of the Wu Jian Council.
  9323 | D:8      | Noticed a two-headed ogre
  9331 | D:8      | Killed a two-headed ogre
  9331 | D:8      | Reached skill level 12 in Axes
  9331 | D:8      | Reached skill level 5 in Dodging
  9539 | D:8      | Reached * piety under Qazlal
  9550 | D:8      | Noticed a two-headed ogre
  9589 | D:8      | Killed a two-headed ogre
  9589 | D:8      | Reached skill level 5 in Invocations
  9906 | D:8      | Found a hazy altar of Hepliaklqana.
 10255 | D:9      | Noticed Pikel
 10274 | D:9      | Killed Pikel
 10354 | D:9      | Reached XP level 11. HP: 82/97 MP: 15/15
 10552 | D:9      | Reached skill level 13 in Axes
 10652 | D:9      | Found a staircase to the Lair.
 10716 | D:9      | Reached ** piety under Qazlal
 11155 | Lair:1   | Entered Level 1 of the Lair of Beasts
 11578 | Lair:1   | Noticed Grum
 11586 | Lair:1   | Killed Grum
 11630 | Lair:1   | Noticed a four-headed hydra
 11641 | Lair:1   | Slain by a five-headed hydra

Vault maps used:
D:1:      sevenhm_arrival_forest_fort_small_4
D:2:      lemuel_crystal_altar, ashenzari_altar_1, nicolae_ru_path_of_blood,
          lemuel_crystal_altar
D:3:      nicolae_overflow_crystal_walls, first_bread
D:4:      serial_shops, shop_scrolls, portal_sewer_entry_d,
          kennysheep_generic_room_9
D:5:      kennysheep_mini, okawaru_trees_2, nemelex_lonely_heart_becter,
          uniq_menkaure, uniq_prince_ribbit1
D:6:      minmay_temple_entry_nine_rooms
D:7:      nemelex_xobeh_ov_fountains_minmay, tso_metal_star
D:8:      lemuel_doored_altar
D:9:      grunt_lair_entry_orc_guard_hut, kennysheep_cross_room, uniq_pikel
Temple:   cyrus_circular_temple
Lair:1:   fungi_pond_lemuel, uniq_grum
Sewer:    sewer_co_purgy_island

Skill      XL: |  1  2  3  4  5  6  7  8  9 10 11 |
---------------+----------------------------------+-----
Axes           | 3 4 5 6 8 9 11 12 13 | 13.5
Fighting       | 4 5 6 7 8 9 |  9.7
Armour         | 4 5 6 7 8 |  8.9
Dodging        | 1 2 3 4 5 6 |  6.0
Invocations    | 3 5 6 |  6.6
Shields        | |  3.2

Action                   |  1- 3 |  4- 6 |  7- 9 | 10-12 || total
-------------------------+-------+-------+-------+-------++-------
Melee: War axe           |    67 |    77 |   353 |   230 ||   727
       Hand axe          |    30 |   122 |   214 |       ||   366
Invok: Upheaval          |       |       |       |     2 ||     2
Evoke: Wand              |       |     2 |     3 |     4 ||     9
  Use: Scroll            |       |     6 |     5 |     4 ||    15
       Potion            |       |    11 |       |       ||    11
 Stab: Paralysed         |       |     3 |     4 |       ||     7
  Eat: Chunk             |       |     7 |    17 |     9 ||    33
       Fruit             |       |       |     2 |     1 ||     3
Armor: Scale mail        |    52 |    85 |   204 |    79 ||   420
Dodge: Dodged            |    56 |    94 |   280 |   148 ||   578
Block: Other             |       |       |       |    15 ||    15

Table legend:
 A = Spawn XP
 B = Non-spawn XP
 C = Spawn XP percentage of total XP
 D = Spawn monster count
 E = Non-spawn monster count
 F = Spawn count percentage of total count
 G = Total turns spent on level
                    A         B        C        D         E        F      G
               +---------+---------+-------+---------+---------+-------+---------
         Total |       0 |   12672 |   0.0 |       0 |     238 |   0.0 | 11641
               +---------+---------+-------+---------+---------+-------+---------
           D:1 |       0 |      35 |   0.0 |       0 |      16 |   0.0 |   601
           D:2 |       0 |      71 |   0.0 |       0 |      17 |   0.0 |   934
           D:3 |       0 |      93 |   0.0 |       0 |      16 |   0.0 |   911
           D:4 |       0 |     908 |   0.0 |       0 |      29 |   0.0 |  1464
           D:5 |       0 |    1564 |   0.0 |       0 |      28 |   0.0 |  1547
           D:6 |       0 |     786 |   0.0 |       0 |      21 |   0.0 |  2228
           D:7 |       0 |    1657 |   0.0 |       0 |      34 |   0.0 |  1289
           D:8 |       0 |    2983 |   0.0 |       0 |      24 |   0.0 |  1023
           D:9 |       0 |    2413 |   0.0 |       0 |      32 |   0.0 |   956
        Lair:1 |       0 |    2024 |   0.0 |       0 |      12 |   0.0 |   486
         Sewer |       0 |     138 |   0.0 |       0 |       9 |   0.0 |   145
               +---------+---------+-------+---------+---------+-------+---------
